Map: [ESL] Tropical Sacrifice

Players

RiSky

  • Race: Zerg Zerg
  • Spawn Location: 1:00

Probe - Winner!

  • Race: Protoss Protoss
  • Spawn Location: 7:00

Event: DreamHack SC2 Masters 2022 Atlanta (Online)

VOD

Have the link to the VOD?

Description

Time

  • Played on: Sept. 29, 2022, 6:53 a.m.
  • Length: 16:32

All games in this series

Show
View Real Time Build Order
Export as new Build Order

RiSky Zerg 

Build Orders: Hatch First, Lurkers 

Get SALT Encoding   

  12  0:00  Drone  
  13  0:13  Overlord  
  13  0:17  Drone  
  14  0:31  Drone x2  
  16  0:50  Hatchery  
  16  0:53  Drone  
  16  0:56  Drone  
  17  1:01  Drone  
  18  1:11  Extractor  
  17  1:16  Spawning Pool  
  16  1:19  Drone  
  16  1:22  Drone  
  18  1:29  Drone  
  19  1:39  Drone  
  20  1:50  Overlord  
  20  2:03  Zergling x4, Queen x2  
  26  2:13  Drone x2  
  26  2:15  Metabolic Boost  
  28  2:23  Drone  
  28  2:24  Drone  
  30  2:38  Hatchery  
  30  2:42  Drone  
  30  2:47  Queen  
  32  2:51  Overlord  
  32  2:54  Drone  
  32  2:56  Drone  
  34  2:59  Drone  
  34  3:01  Drone  
  36  3:10  Drone  
  36  3:12  Drone x2  
  39  3:15  Drone  
  39  3:17  Overlord  
  39  3:19  Overlord  
  40  3:22  Drone  
  40  3:26  Queen  
  43  3:34  Drone  
  43  3:35  Queen  
  43  3:38  Overlord  
  43  3:40  Drone  
  47  3:42  Drone x2  
  47  3:44  Drone  
  47  3:47  Drone  
  51  3:51  Drone x2  
  51  3:53  Spore Crawler, Drone  
  51  3:54  Drone  
  54  3:59  Drone x2  
  54  4:02  Zergling x4  
  58  4:05  Queen  
  60  4:10  Evolution Chamber  
  60  4:14  Overlord  
  60  4:17  Drone x3  
  62  4:24  Drone x2  
  62  4:29  Drone  
  62  4:30  Drone, Overlord  
  66  4:32  Drone x2  
  66  4:34  Drone x2  
  66  4:36  Zerg Melee Weapons Level 1  
  70  4:39  Spore Crawler  
  70  4:41  Drone  
  70  4:42  Overlord  
  70  4:44  Drone  
  70  4:45  Drone x2  
  73  4:47  Spore Crawler  
  73  4:49  Overlord  
  73  4:50  Extractor  
  73  4:51  Drone  
  73  4:52  Extractor  
  71  4:54  Drone  
  71  4:55  Drone  
  71  4:56  Drone x2  
  71  4:59  Drone x2  
  77  5:02  Lair  
  77  5:07  Hatchery  
  77  5:10  Drone x2  
  79  5:14  Drone x3, Extractor  
  79  5:17  Drone  
  79  5:18  Baneling Nest  
  79  5:19  Drone x2  
  82  5:21  Drone x2  
  82  5:25  Overlord  
  82  5:28  Overlord  
  84  5:32  Overlord  
  83  5:39  Hatchery  
  83  5:40  Drone  
  83  5:41  Drone x5  
  88  5:45  Drone x2  
  90  5:51  Zergling x2  
  90  5:52  Zergling x14  
  98  5:59  Zergling x2  
  98  6:00  Queen  
  98  6:02  Zergling x4  
  103  6:05  Centrifugal Hooks  
  103  6:06  Hydralisk Den  
  103  6:08  Zergling x2  
  103  6:09  Zergling x6  
  106  6:12  Overlord  
  106  6:14  Overlord  
  106  6:18  Spine Crawler  
  106  6:19  Spine Crawler  
  106  6:21  Zergling x2  
  106  6:22  Zergling x6  
  106  6:25  Queen  
  109  6:27  Zergling x6  
  109  6:28  Zergling x2  
  112  6:36  Zergling x12  
  112  6:41  Queen x2  
  112  6:42  Queen  
  112  6:45  Zergling x6  
  112  6:46  Zergling x2  
  122  6:49  Baneling x4  
  122  6:53  Zergling x12  
  126  6:55  Queen  
  126  6:59  Zergling x6  
  126  7:00  Zergling x2  
  126  7:05  Zergling x16  
  126  7:08  Zerg Melee Weapons Level 2  
  134  7:14  Zergling x2  
  134  7:15  Zergling x8  
  137  7:17  Queen x2  
  137  7:22  Baneling x8  
  134  7:23  Zergling x4  
  135  7:33  Zergling x12  
  135  7:36  Zergling x6  
  141  7:38  Queen  
  141  7:39  Queen  
  141  7:41  Overlord  
  138  7:44  Baneling  
  138  7:45  Baneling x5  
  138  7:49  Hydralisk x2  
  131  7:59  Hydralisk x7  
  131  8:04  Hydralisk x3  
  147  8:08  Hydralisk  
  144  8:13  Hydralisk x2  
  144  8:16  Zergling x6  
  143  8:21  Zergling x12  
  145  8:27  Hydralisk x2  
  145  8:34  Zergling x8  
  138  8:42  Zergling x6  
  138  8:45  Grooved Spines  
  138  8:50  Zergling x2  
  138  8:51  Zergling x12  
  138  8:53  Hydralisk x2  
  144  9:01  Zergling x6  
  146  9:07  Hydralisk  
  146  9:08  Hydralisk x2  
  146  9:11  Hydralisk  
  146  9:17  Zergling x8, Queen  
  145  9:18  Queen  
  145  9:22  Zergling x2  
  148  9:24  Zerg Missile Weapons Level 1  
  148  9:27  Overlord  
  145  9:33  Spore Crawler, Extractor x2  
  145  9:34  Zergling x14  
  145  9:35  Extractor  
  145  9:37  Lurker Den  
  135  9:45  Zergling x4  
  135  9:46  Zergling x12  
  135  9:51  Zergling x4  
  140  9:56  Muscular Augments  
  137  10:02  Zergling x14  
  137  10:05  Baneling x6  
  137  10:06  Baneling x8  
  142  10:07  Drone x5  
  144  10:15  Drone x3  
  144  10:16  Drone x2  
  142  10:31  Hydralisk x8  
  148  10:46  Zergling x18  
  148  10:49  Lurker x3  
  146  10:55  Zergling x6  
  147  10:57  Lurker  
  148  11:06  Zergling x12  
  154  11:11  Drone x3  
  154  11:16  Drone  
  154  11:18  Overlord  
  158  11:24  Infestation Pit  
  154  11:25  Overlord  
  154  11:29  Overlord  
  153  11:33  Drone x5  
  153  11:38  Zergling x8  
  162  11:40  Baneling x2  
  162  11:41  Baneling x2  
  161  11:54  Zergling x8  
  161  11:55  Zergling x2  
  162  12:05  Zergling x2  
  162  12:06  Zergling x14  
  164  12:10  Hatchery  
  164  12:12  Zergling x6  
  161  12:17  Baneling  
  161  12:18  Baneling x5  
  152  12:23  Zergling x10  
  153  12:32  Hive  
  149  12:41  Zergling x14  
  149  12:42  Zergling x4  
  152  12:49  Zergling x6  
  153  12:52  Lurker  
  153  12:55  Lurker x3  
  153  12:56  Zerg Missile Weapons Level 2  
  153  12:58  Zergling x8  
  159  13:13  Baneling x3  
  159  13:16  Lurker x2  
  159  13:17  Overlord x2  
  159  13:29  Hatchery  
  153  13:46  Seismic Spines  
  150  13:55  Zergling x2  
  150  13:56  Zergling x38  
  150  14:00  Zergling x6  
  172  14:17  Zergling x14  
  172  14:22  Hatchery  
  172  14:23  Zergling x6  
  169  14:26  Lurker  
  169  14:27  Lurker x6  
  163  14:32  Zergling x14  
  163  14:34  Baneling x4  
  163  14:35  Baneling x2  
  163  14:37  Overseer  
  168  14:39  Hydralisk  
  168  14:43  Adaptive Talons  
  144  15:10  Hydralisk x11  
  157  15:18  Zergling x6  
  157  15:20  Lurker x2  
  158  15:30  Baneling x11  
  158  15:31  Baneling  
  158  15:35  Zergling x4  
  159  15:37  Lurker x2  
  160  15:43  Spore Crawler  
  160  15:47  Lurker x6  
  150  16:03  Lurker x5  
  150  16:04  Lurker x3  
  154  16:08  Zergling x10  
  157  16:15  Zergling x2  
Show
View Real Time Build Order
Export as new Build Order

Probe Protoss - Winner!

Build Orders: 1 Gate Expand, Oracle Opening 

Get SALT Encoding   

  12  0:00  Probe  
  13  0:12  Probe  
  14  0:20  Pylon  
  14  0:24  Probe  
  15  0:38  Probe (Chrono Boost)  
  16  0:44  Gateway  
  16  0:48  Probe (Chrono Boost)  
  17  0:50  Assimilator  
  17  0:53  Probe (Chrono Boost)  
  18  1:05  Probe  
  19  1:17  Probe  
  20  1:26  Nexus  
  20  1:37  Cybernetics Core  
  20  1:39  Probe  
  21  1:45  Assimilator  
  21  1:51  Probe  
  22  1:54  Pylon  
  22  2:03  Probe (Chrono Boost)  
  23  2:13  Adept  
  23  2:15  Probe (Chrono Boost)  
  26  2:20  Probe (Chrono Boost)  
  26  2:22  Stargate  
  27  2:29  Probe (Chrono Boost)  
  28  2:32  Warp Gate  
  28  2:39  Probe (Chrono Boost)  
  28  2:41  Probe (Chrono Boost)  
  28  2:43  Adept  
  32  2:47  Probe (Chrono Boost)  
  32  2:48  Probe (Chrono Boost)  
  34  2:52  Probe (Chrono Boost)  
  34  2:55  Probe  
  36  3:04  Probe  
  36  3:05  Oracle (Chrono Boost)  
  37  3:08  Probe  
  37  3:11  Pylon  
  41  3:16  Probe  
  42  3:20  Probe  
  42  3:22  Gateway  
  43  3:29  Probe  
  43  3:32  Probe  
  45  3:37  Oracle  
  45  3:41  Probe  
  49  3:48  Nexus  
  49  3:49  Probe  
  49  3:54  Pylon  
  51  4:01  Probe  
  51  4:02  Assimilator  
  51  4:03  Twilight Council  
  51  4:05  Probe  
  52  4:15  Probe  
  53  4:17  Gateway, Probe  
  53  4:18  Gateway  
  53  4:21  Blink (Chrono Boost)  
  53  4:23  Pylon  
  54  4:27  Probe  
  54  4:29  Forge, Probe  
  56  4:36  Gateway  
  56  4:38  Gateway  
  56  4:46  Probe x2  
  58  4:54  Gateway  
  58  4:55  Gateway  
  58  5:00  Protoss Ground Weapons Level 1 (Chrono Boost), Probe  
  58  5:02  Stalker  
  58  5:03  Probe  
  58  5:04  Probe  
  63  5:10  Stalker  
  63  5:12  Probe  
  66  5:15  Probe  
  66  5:17  Stalker  
  66  5:19  Probe  
  70  5:23  Stalker  
  70  5:25  Probe  
  70  5:27  Probe  
  74  5:30  Stalker  
  74  5:31  Stalker  
  78  5:36  Pylon  
  78  5:37  Probe x2  
  80  5:43  Pylon  
  80  5:44  Stalker  
  80  5:46  Stalker  
  84  5:54  Stalker x2  
  88  6:02  Stalker x3  
  94  6:05  Pylon  
  94  6:14  Stalker x2  
  94  6:17  Photon Cannon  
  98  6:23  Stalker  
  98  6:24  Zealot, Stalker  
  98  6:25  Gateway  
  104  6:26  Probe  
  105  6:34  Zealot, Probe  
  105  6:39  Stalker  
  109  6:43  Pylon  
  109  6:44  Pylon  
  109  6:45  Pylon  
  109  6:52  Pylon  
  109  6:55  Pylon  
  107  7:05  Stalker x6  
  119  7:12  Zealot x2  
  121  7:23  Probe x2  
  121  7:25  Assimilator  
  121  7:26  Probe  
  121  7:29  Zealot, Stalker x3  
  130  7:30  Zealot x2  
  132  7:42  Stalker x2  
  136  7:50  Stalker  
  136  7:51  Stalker  
  138  8:02  Stalker  
  138  8:03  Zealot, Stalker  
  138  8:04  Probe  
  141  8:17  Pylon x2  
  141  8:18  Pylon  
  141  8:20  Pylon  
  141  8:27  Probe  
  141  8:30  Nexus, Stalker  
  141  8:31  Stalker x2  
  141  8:34  Probe  
  141  8:39  Stalker x2  
  141  8:40  Stalker x3  
  141  8:42  Probe  
  141  8:43  Probe  
  141  8:44  Pylon  
  141  8:46  Probe  
  144  8:48  Assimilator  
  144  8:52  Protoss Ground Weapons Level 2 (Chrono Boost)  
  144  8:55  Probe  
  145  8:56  Zealot x3  
  145  8:58  Probe  
  145  9:01  Charge  
  152  9:08  Probe  
  153  9:11  Zealot  
  153  9:12  Zealot x4  
  153  9:13  Probe  
  153  9:14  Probe  
  153  9:15  Photon Cannon  
  165  9:17  Shield Battery  
  163  9:25  Probe  
  163  9:27  Probe  
  163  9:29  Stalker x3  
  163  9:31  Stalker  
  173  9:45  Stalker x5  
  179  9:47  Probe x2  
  179  9:48  Probe  
  184  10:02  Probe x2  
  184  10:05  Probe  
  185  10:08  Photon Cannon, Assimilator, Probe  
  185  10:09  Templar Archives, Assimilator  
  185  10:11  Forge  
  184  10:14  Probe x2  
  184  10:18  Zealot x2  
  184  10:19  Zealot  
  190  10:21  Probe  
  190  10:27  Probe  
  192  10:32  Probe  
  192  10:35  Psionic Storm  
  191  10:41  Stalker  
  191  10:42  Stalker  
  195  10:45  Nexus  
  195  10:47  Protoss Ground Armor Level 1 (Chrono Boost)  
  177  10:51  Pylon  
  177  10:55  Zealot  
  177  10:56  Zealot x5  
  187  10:58  Photon Cannon  
  187  11:00  Pylon  
  187  11:01  Shield Battery  
  187  11:12  High Templar x3  
  187  11:14  Photon Cannon  
  187  11:17  Pylon  
  187  11:18  Photon Cannon  
  193  11:20  Photon Cannon x2  
  193  11:21  Photon Cannon  
  189  11:26  Robotics Facility  
  189  11:27  Zealot  
  189  11:28  Zealot x2  
  189  11:29  Robotics Facility  
  189  11:31  Zealot  
  189  11:32  High Templar  
  199  11:48  Robotics Facility  
  199  11:54  Shield Battery  
  199  11:56  Shield Battery  
  197  12:03  Stalker  
  197  12:07  Zealot x2  
  200  12:14  Assimilator  
  200  12:15  Assimilator  
  200  12:16  Shield Battery  
  200  12:17  Photon Cannon  
  200  12:19  Photon Cannon  
  200  12:21  Photon Cannon  
  190  12:25  Zealot x6  
  190  12:27  Immortal (Chrono Boost)  
  190  12:29  Observer  
  179  12:45  Zealot  
  179  12:46  High Templar x2  
  179  12:47  Immortal (Chrono Boost)  
  179  12:50  Immortal (Chrono Boost)  
  183  12:52  High Templar x2  
  183  12:59  Zealot x4  
  187  13:10  Immortal (Chrono Boost)  
  187  13:11  Zealot  
  195  13:21  Immortal (Chrono Boost)  
  195  13:24  Zealot x5  
  195  13:27  Nexus  
  195  13:29  Protoss Air Weapons Level 1 (Chrono Boost)  
  195  13:30  Pylon  
  195  13:32  Pylon  
  195  13:34  Pylon  
  195  13:37  Immortal  
  195  13:40  Zealot  
  195  13:41  Zealot x3  
  198  13:48  Observer  
  192  13:56  Zealot x5  
  200  14:03  Protoss Ground Armor Level 2 (Chrono Boost)  
  200  14:07  Fleet Beacon  
  200  14:09  Stargate  
  200  14:10  Stargate  
  200  14:11  Photon Cannon  
  200  14:12  Photon Cannon  
  200  14:14  Photon Cannon  
  200  14:16  Shield Battery  
  200  14:19  Shield Battery  
  184  14:36  Zealot x9  
  200  14:56  Assimilator  
  200  14:57  Assimilator  
  182  15:00  Zealot x3  
  182  15:01  Zealot x6  
  182  15:03  Immortal  
  186  15:10  Stalker  
  186  15:11  Stalker  
  186  15:13  Carrier  
  186  15:14  Carrier x2  
  190  15:15  High Templar  
  190  15:16  High Templar x2  
  190  15:20  Pylon  
  196  15:30  Zealot x2  
  200  15:53  Nexus  
  200  15:55  Pylon  
  200  15:57  Pylon  
  188  16:05  Observer  
  188  16:06  Observer  
Tags
 
Add a new tag
Caveats
  • Supply blocks, unpowered buildings, or Contaminate may cause inaccurate times.
  • Supply counts are checked every 10 seconds.